 Dungeon Crawl Stone Soup version 0.28-a0-1629-gf728b707aa (webtiles) character file.

Game seed: 10911261440634287845

32 psuckher the Skirmisher (level 3, -3/31 HPs)
             Began as a Palentonga Fighter on Jan 24, 2022.
             Was a Follower of Dithmenos.
             Slain by a kobold (4 damage)
             ... on level 1 of the Dungeon.
             The game lasted 00:03:47 (565 turns).

psuckher the Skirmisher (Palentonga Fighter)         Turns: 565, Time: 00:03:47

Health: -3/31      AC:  7    Str: 21    XL:     3   Next: 10%
Magic:  3/3        EV:  7    Int:  8    God:    Dithmenos [*.....]
Gold:   63         SH:  4    Dex:  9    Spells: 2/2 levels left

rFire   . . .      SeeInvis +   a - +0 long sword
rCold   . . .      Faith    .   c - +0 buckler
rNeg    . . .      Spirit   .   b - +0 scale mail
rPois   .          Reflect  .   (no helmet)
rElec   .          Harm     .   (no cloak)
rCorr   .          Rampage  .   e - +0 pair of gloves
Will    .....                   (no barding)
Stlth   ..........              (no amulet)
HPRegen 0.10/turn               (no ring)
MPRegen 0.08/turn               (no ring)

@: wreathed by umbra
A: large, rugged brown scales 3, see invisible, deformed body, roll 1, armoured
tail
a: Rolling Charge, Renounce Religion


You were on level 1 of the Dungeon.
You worshipped Dithmenos.
Dithmenos was aware of your devotion.
You visited 1 branch of the dungeon, and saw 1 of its levels.

You collected 63 gold pieces.

Inventory:

Hand Weapons
 a - a +0 long sword (weapon)
Armour
 b - a +0 scale mail (worn)
 c - a +0 buckler (worn)
 e - a +0 pair of gloves (worn)
Potions
 d - 2 potions of might


   Skills:
 + Level 3.4 Fighting
 + Level 2.3 Long Blades
 + Level 2.6 Armour
 + Level 0.2 Dodging
 + Level 2.6 Shields


You had 2 spell levels left.
You didn't know any spells.
Your spell library was empty.

Dungeon Overview and Level Annotations

Branches:
Dungeon (1/15)

Altars:
Dithmenos

Shops:
D:1 *


Innate Abilities, Weirdness & Mutations

You are completely covered in rugged brown scales. (AC +3, +7% HP)
You have supernaturally acute eyesight. (SInv)
Armour fits poorly on your strangely shaped body.
You can roll at nearby foes to attack.
You have a long armoured tail.


Message History

The jackal bites you. The goblin barely misses you.
You closely miss the goblin.
You feel very sick.
The jackal bites you but does no damage.
The goblin hits you with a +1 dagger of venom.
* * * LOW HITPOINT WARNING * * *
You hit the goblin.
You kill the goblin!
Dithmenos accepts your kill.
* * * LOW HITPOINT WARNING * * *
You feel sick. The jackal barely misses you. The jackal closely misses you.
The goblin hits you but does no damage.
You hit the goblin.
You kill the goblin!
Dithmenos accepts your kill.
You feel sick.
A bat comes into view.
The jackal bites you but does no damage. x2
The bat moves out of view.
You barely miss the goblin.
* * * LOW HITPOINT WARNING * * *
You feel sick. The goblin barely misses you. You block the jackal's attack.
The goblin hits you but does no damage. The jackal closely misses you.
Okay, then.
You closely miss the goblin.
You feel sick.
The jackal bites you but does no damage.
The goblin hits you but does no damage.
You slash the goblin!
You kill the goblin!
Dithmenos accepts your kill.
You feel sick. The jackal bites you.
* * * LOW HITPOINT WARNING * * *
The jackal bites you but does no damage.
The kobold hits you but does no damage.
You barely miss the kobold.
* * * LOW HITPOINT WARNING * * *
You feel sick.
You are no longer poisoned.
You block the jackal's attack. The kobold hits you with a +0 club.
You die...

# #[.# .#..#
.#..# ...#
#..# ..#
##K# #####.#
#h@# ......#
##.## # #..#
# #.## # #.#
##.# #..#
#.#######.##
#...>....#


You could see a jackal and a kobold.

Vanquished Creatures
  2 ball pythons (D:1)
  4 bats (D:1)
  4 endoplasms (D:1)
  3 giant cockroaches (D:1)
  6 goblins (D:1)
  2 jackals (D:1)
  A frilled lizard (D:1)
  3 kobolds (D:1)
  2 rats (D:1)
27 creatures vanquished.

Notes
Turn   | Place    | Note
-------+----------+-------------------------------------------
     0 | D:1      | psuckher the Palentonga Fighter began the quest for the
                  | Orb.
     0 | D:1      | Reached XP level 1. HP: 19/19 MP: 1/1
    87 | D:1      | Found Worok's General Store.
   123 | D:1      | Reached XP level 2. HP: 24/25 MP: 2/2
   488 | D:1      | Found a faded altar of an unknown god.
   496 | D:1      | Prayed at the altar of an unknown god.
   496 | D:1      | Became a worshipper of Dithmenos the Shadowed
   496 | D:1      | Reached * piety under Dithmenos
   556 | D:1      | Reached XP level 3. HP: 27/31 MP: 3/3
   565 | D:1      | HP: 1/31 [poisoned by a goblin]
   565 | D:1      | Slain by a kobold

Illustrated notes

Levels and vault maps discovered:
D:1:      lemuel_arrival_cross, layout_loops_ring, basic_ecumenical_altar,
          serial_shops, nicolae_shop_waterfront, minmay_indecisive_spiral

Action                   || total
-------------------------++-------
Melee: Long sword        ||    79
       Tailslap          ||     7
Armor: Scale mail        ||    77
Dodge: Dodged            ||    59
Block: Buckler           ||    18

Table legend: (Time is in decaauts)
 A = Elapsed time spent in this place.
 B = Non-inter-level travel time spent in this place.
 C = Inter-level travel time spent in this place.
 D = Time resting spent in this place.
 E = Time spent auto-exploring this place.
 F = Levels seen in this place.
 G = Mean time per level.
                   A        B        C        D        E       F      G
               +--------+--------+--------+--------+--------+-----+--------+
         Total |    589 |    521 |     68 |      0 |      0 |   1 |  589.0 |
       Dungeon |    589 |    521 |     68 |      0 |      0 |   1 |  589.0 |
               +--------+--------+--------+--------+--------+-----+--------+

Top non-repeatable levels by time:
     D:1: 589 daAuts
